 Dungeon Crawl Stone Soup version 0.22-a0-782-g038298e (webtiles) character file.

5175 Amnesiac the Geomancer (level 10, -4/63 HPs)
             Began as a Mummy Earth Elementalist on July 20, 2018.
             Was a High Priest of Sif Muna.
             Slain by a death yak (9 damage)
             ... on level 9 of the Dungeon.
             The game lasted 00:19:02 (8021 turns).

Amnesiac the Geomancer (Mummy Earth Elementalist)   Turns: 8021, Time: 00:19:02

Health: -4/63      AC: 10    Str: 17    XL:     10   Next: 34%
Magic:  0/23       EV: 13    Int: 18    God:    Sif Muna [*****.]
Gold:   586        SH:  0    Dex: 13    Spells: 5/28 levels left

rFire    . . .     SeeInvis .   k - staff of conjuration
rCold    + + .     Gourm    .   (no shield)
rNeg     + + +     Faith    +   q - +1 robe "Gyafen" {rElec rPois rF+} (curse)
rPois    ∞         Spirit   .   e - +0 helmet
rElec    +         Reflect  .   (no cloak)
rCorr    .         Harm     .   E - +2 pair of gloves
MR       +....                  l - +2 pair of boots
Stlth    ++........             n - amulet of faith
HPRegen  0.20/turn              t - ring of protection from cold
MPRegen  0.18/turn              y - +6 ring of strength

@: divine energy
A: no food or potions, fire vulnerability, cold resistance 1, negative energy
resistance 3, torment resistance, unbreathing
a: Stop Divine Energy, Channel Magic, Forget Spell, Renounce Religion


You were on level 9 of the Dungeon.
You worshipped Sif Muna.
Sif Muna was extremely pleased with you.
You were not hungry.

You visited 1 branch of the dungeon, and saw 10 of its levels.

You collected 586 gold pieces.

Inventory:

Hand Weapons
 a - a +2 whip of electrocution
 b - a +2 dagger of venom
 B - the +4 hunting sling of Arbitration {velocity, rElec rC+, unknown}
   (You found it on level 7 of the Dungeon)

   Any stone fired from it inflicts extra damage.
   It protects you from cold.
   It insulates you from electricity.
Missiles
 h - 255 stones (quivered)
Armour
 e - a +0 helmet (worn)
 f - a +0 buckler
 l - a +2 pair of boots (worn)
 q - the cursed +1 robe "Gyafen" (worn) {rElec rPois rF+}
   (You found it on level 6 of the Dungeon)

   It protects you from fire.
   It insulates you from electricity.
   It protects you from poison.
   It has a curse placed upon it.
 A - a +1 robe of the Archmagi
 E - a +2 pair of gloves (worn)
Magical Staves
 k - an uncursed staff of conjuration (weapon)
Jewellery
 n - an amulet of faith (around neck)
 t - a ring of protection from cold (left hand)
 y - a +6 ring of strength (right hand)
 z - a +2 ring of dexterity
 C - a +3 ring of dexterity
Wands
 c - a wand of digging (28)
 d - a wand of acid (5)
 m - a wand of polymorph (6)
 D - a wand of flame (27)
Scrolls
 g - a scroll of enchant armour {!r}
 i - a scroll of magic mapping {!r}
 j - 2 scrolls of fear {!r}
 o - a scroll of noise {!r}
 p - a scroll of remove curse {!r}
 r - 4 scrolls of teleportation {!r}
 s - a scroll of blinking {!r}
 u - 3 scrolls of identify {!r}
 v - 2 scrolls of amnesia {!r}
 w - a scroll of enchant weapon {!r}
 x - a scroll of fog {!r}


   Skills:
 - Level 2.8 Dodging
 - Level 1.5 Stealth
 - Level 4.2 Shields
 * Level 9.9 Spellcasting
 - Level 0.7 Transmutations
 - Level 10.0 Earth Magic
 + Level 1.6 Invocations


You had 5 spell levels left.
You knew the following spells:

 Your Spells              Type           Power        Failure   Level  Hunger
a - Stone Arrow           Conj/Erth      #####.       3%          3    N/A
b - Passwall              Tmut/Erth      ####....     1%          2    N/A
c - Sandblast             Erth           #####.       1%          1    N/A
d - Lee's Rapid Deconstr  Erth           #####.....   3%          5    N/A
e - Petrify               Tmut/Erth      ####....     9%          4    N/A
f - Borgnjor's Vile Clut  Necr/Erth      ####......   28%         5    N/A
g - Apportation           Tloc           #.....       9%          1    N/A
v - Blink                 Tloc           N/A          12%         2    N/A

Your spell library contained the following spells:

 Spells                   Type           Power        Failure   Level  Hunger
 Controlled Blink         Tloc           N/A          100%        8    N/A
 Animate Dead             Necr           N/A          63%         4    N/A
 Regeneration             Chrm/Necr      #.........   24%         3    N/A
 Recall                   Summ/Tloc      N/A          24%         3    N/A
 Death Channel            Necr           #.........   100%        6    N/A
 Simulacrum               Ice/Necr       #.........   100%        6    N/A
 Passage of Golubria      Tloc           N/A          63%         4    N/A
 Shroud of Golubria       Chrm/Tloc      #.........   12%         2    N/A
 Force Lance              Conj/Tloc      ##......     63%         4    N/A
 Infusion                 Chrm           #...         9%          1    N/A
 Song of Slaying          Chrm           #.......     12%         2    N/A
 Spectral Weapon          Hex/Chrm       #.......     24%         3    N/A

Dungeon Overview and Level Annotations

Branches:
Dungeon (10/15)            Temple (0/1) D:4            Lair (0/6) D:9
    Orc: D:9-12

Altars:
Ashenzari
Cheibriados
Gozag
Makhleb
Nemelex Xobeh
Ru
Sif Muna
Uskayaw
Vehumet
Xom
Yredelemnul

Shops:
D:8 [


Innate Abilities, Weirdness & Mutations

You do not eat or drink.
Your flesh is vulnerable to fire.
You are immune to poison.
Your flesh is cold resistant. (rC+)
You are immune to negative energy. (rN+++)
You are immune to unholy pain and torment.
You can survive without breathing.


Message History

Sif Muna grants you divine energy.
You briefly lose access to your magic!
The death yak gores you!!
* * * LOW HITPOINT WARNING * * *
The crimson imp blinks!
The crimson imp barely misses you.
You regain access to your magic.
The crimson imp blinks!
Casting: Stone Arrow (safe; 3% risk of failure)
Confirm with . or Enter, or press ? or * to list all spells.
Aiming: Stone Arrow (safe; 3% risk of failure)
Press: ? - help, Shift-Dir - straight line, f/p - death yak
Aim: a death yak (almost dead)
You feel a surge of power!
The stone arrow misses the death yak.
Sif Muna grants you divine energy.
You briefly lose access to your magic!
The death yak gores you!
* * * LOW HITPOINT WARNING * * *
The crimson imp blinks!
The death yak bellows!
The crimson imp misses you.
You regain access to your magic.
Casting: Stone Arrow (safe; 3% risk of failure)
Confirm with . or Enter, or press ? or * to list all spells.
Aiming: Stone Arrow (safe; 3% risk of failure)
Press: ? - help, Shift-Dir - straight line, f/p - death yak
Aim: a death yak (severely wounded)
You feel a surge of power!
The stone arrow hits the death yak.
The death yak is almost dead.
Sif Muna grants you divine energy.
You briefly lose access to your magic!
The crimson imp closely misses you. The death yak gores you!
* * * LOW HITPOINT WARNING * * *
Unknown command.
The crimson imp grins evilly.
You regain access to your magic.
Casting: Stone Arrow (safe; 3% risk of failure)
Confirm with . or Enter, or press ? or * to list all spells.
Aiming: Stone Arrow (safe; 3% risk of failure)
Press: ? - help, Shift-Dir - straight line, f/p - death yak
Aim: a death yak (almost dead)
You feel a surge of power!
The stone arrow hits the death yak.
You kill the death yak!
Sif Muna accepts your kill.
Your Invocations skill increases to level 1!
Sif Muna grants you divine energy.
You briefly lose access to your magic!
The crimson imp hits you but does no damage.
A crimson imp comes into view. It is wielding a whip.
The crimson imp blinks!
Okay, then.
You regain access to your magic.
The crimson imp shouts, "Slither home, thou mewling hedge-born zombie-fodder!"
The crimson imp blinks!
The crimson imp blinks!
Casting: Stone Arrow (safe; 3% risk of failure)
Confirm with . or Enter, or press ? or * to list all spells.
Aiming: Passwall (safe; 1% risk of failure)
Press: ? - help, Dir - move target cursor A rock wall.
The crimson imp disappears for a moment.
You begin to meditate on the wall.
You continue meditating on the rock.
The crimson imp blinks!
You continue meditating on the rock.
The death yak gores you!
You die...

#........§...#
######....##### ...####..
#...[[§.5.#...# ......#..
#.........#...# .§...#..
#...§#....#...#######...##.
#....#.....................
#...Y#..Y...............z..
#..†Y#...Y............oz..z
#....#....@............o..o
#....######################
#............... .........
#................ ....?....
#..........................
#......Y..................z
#...)#....................r
#....#.....................
#....#.<........# ##.......


You could see 2 death yaks and a crimson imp.

Vanquished Creatures
  A two-headed ogre (D:9)
  A death yak (D:9)
  Grinder (D:6)
  The ghost of pk666 the Magician, an amateur DEFE (D:7)
  2 wyverns
  A spriggan (D:8)
  2 porcupines (D:9)
  3 ice beasts
  2 sky beasts
  A black bear (D:6)
  An orc warrior (D:7)
  A centaur (D:9)
  An ogre (D:9)
  A big kobold (D:7)
  3 bullfrogs
  A water moccasin zombie (D:5)
  2 wyvern skeletons
  5 scorpions
  A howler monkey (D:8)
  2 crimson imps
  A centaur zombie (D:9)
  4 quasits (D:7)
  A jelly (D:7)
  4 orc priests
  8 orc wizards
  4 hounds
  A centaur skeleton (D:4)
  2 iguanas
  Terence (D:1)
  2 hell rats (D:9)
  Natasha (thrice) (D:2)
  7 worker ants
  A hound skeleton (D:5)
  2 worker ant zombies
  15 adders
  A howler monkey skeleton (D:4)
  2 shadow imps
  An ooze (D:2)
  2 adder zombies
  3 worms
  A dart slug (D:6)
  7 leopard geckos
  24 orcs
  5 giant cockroaches
  6 hobgoblins
  15 jackals
  12 kobolds
  4 quokkas
  2 ball pythons (D:2)
  12 bats
  4 frilled lizards
  6 goblins
  A jackal zombie (D:8)
  9 rats
  A fungus (D:6)
207 creatures vanquished.

Vanquished Creatures (others)
  An orc wizard (D:9)
1 creature vanquished.

Grand Total: 208 creatures vanquished

Notes
Turn   | Place    | Note
-------+----------+-------------------------------------------
     0 | D:1      | Amnesiac the Mummy Earth Elementalist began the quest for the Orb.
     0 | D:1      | Reached XP level 1. HP: 13/13 MP: 4/4
   434 | D:2      | Noticed Terence
   434 | D:2      | Noticed Natasha
   434 | D:2      | Noticed an orc wizard
   434 | D:2      | Noticed an orc wizard
   493 | D:1      | Reached XP level 2. HP: 19/19 MP: 3/5
   605 | D:1      | Learned a level 2 spell: Passwall
   652 | D:2      | Reached skill level 3 in Earth Magic
   718 | D:2      | Found a deep blue altar of Sif Muna.
   718 | D:2      | Found a sacrificial altar of Ru.
   720 | D:2      | Found a shattered altar of Ashenzari.
   745 | D:2      | Became a worshipper of Sif Muna the Loreminder
  1068 | D:1      | Reached XP level 3. HP: 22/24 MP: 0/7
  1073 | D:1      | Learned a level 3 spell: Stone Arrow
  1350 | D:1      | Killed Terence
  1350 | D:1      | Reached XP level 4. HP: 25/30 MP: 2/9
  1419 | D:2      | Learned a level 4 spell: Petrify
  1445 | D:2      | Reached skill level 4 in Earth Magic
  1550 | D:2      | Reached XP level 5. HP: 20/35 MP: 6/11
  1724 | D:2      | Found a burning altar of Makhleb.
  1726 | D:2      | Found a basalt altar of Yredelemnul.
  1764 | D:2      | Killed Natasha
  1764 | D:2      | Reached * piety under Sif Muna
  1844 | D:2      | Found a hide-covered altar of Uskayaw.
  1892 | D:2      | Noticed Natasha
  1904 | D:2      | Killed Natasha
  1975 | D:2      | Noticed Natasha
  1983 | D:2      | Killed Natasha
  2167 | D:3      | Reached skill level 5 in Earth Magic
  2167 | D:3      | Reached XP level 6. HP: 32/41 MP: 6/13
  2274 | D:3      | Reached skill level 5 in Spellcasting
  2321 | D:3      | Found a faded altar of an unknown god.
  2462 | D:3      | Learned a level 5 spell: Lee's Rapid Deconstruction
  3100 | D:4      | Found a shimmering altar of Xom.
  3272 | D:4      | Reached XP level 7. HP: 39/46 MP: 3/15
  3327 | D:4      | Found a staircase to the Ecumenical Temple.
  3330 | D:4      | Reached ** piety under Sif Muna
  3749 | D:5      | Entered Level 5 of the Dungeon
  3850 | D:5      | Reached skill level 6 in Earth Magic
  4360 | D:6      | Found a snail-covered altar of Cheibriados.
  4512 | D:6      | Reached XP level 8. HP: 52/52 MP: 3/18
  4524 | D:6      | Reached *** piety under Sif Muna
  4524 | D:6      | Reached skill level 7 in Earth Magic
  4567 | D:6      | Got a crude robe
  5015 | D:6      | Noticed Grinder
  5020 | D:6      | Paralysed by Grinder for 3 turns
  5024 | D:6      | Killed Grinder
  5570 | D:7      | Found a transporter.
  5571 | D:7      | Noticed pk666's ghost (amateur DEFE)
  5598 | D:7      | Reached skill level 8 in Earth Magic
  5603 | D:7      | Reached **** piety under Sif Muna
  5714 | D:7      | Identified the cursed +1 robe "Gyafen" {rElec rPois rF+} (You found it on level 6 of the Dungeon)
  5751 | D:7      | Found a transporter.
  5959 | D:7      | Learned a level 5 spell: Borgnjor's Vile Clutch
  5993 | D:7      | Got a faintly glowing hunting sling
  6023 | D:7      | Reached XP level 9. HP: 57/57 MP: 3/21
  6286 | D:7      | Found a sparkling altar of Nemelex Xobeh.
  6288 | D:7      | Found an opulent altar of Gozag.
  6464 | D:7      | Killed pk666's ghost
  6464 | D:7      | Reached ***** piety under Sif Muna
  6464 | D:7      | Reached skill level 9 in Earth Magic
  6667 | D:8      | Identified Sif Muna's Handbook of Transformation and Translocation (Sif Muna gifted it to you on level 8 of the Dungeon)
  6667 | D:8      | Received a gift from Sif Muna
  6672 | D:8      | Learned a level 2 spell: Blink
  6674 | D:8      | Learned a level 1 spell: Apportation
  6705 | D:8      | Found Docsywe's Antique Armour Boutique.
  7032 | D:8      | Reached skill level 1 in Shields
  7339 | D:9      | Noticed a death yak
  7339 | D:9      | Noticed a death yak
  7341 | D:10     | Entered Level 10 of the Dungeon
  7515 | D:9      | Found a radiant altar of Vehumet.
  7516 | D:9      | Noticed a two-headed ogre
  7570 | D:9      | Killed a two-headed ogre
  7570 | D:9      | Reached XP level 10. HP: 36/63 MP: 1/23
  7900 | D:9      | Found a staircase to the Lair.
  7900 | D:9      | Noticed a death yak
  7954 | D:9      | Reached skill level 10 in Earth Magic
  8006 | D:9      | HP: 2/63 [death yak (13)]
  8010 | D:9      | Killed a death yak
  8010 | D:9      | Reached skill level 1 in Invocations
  8021 | D:9      | Slain by a death yak

Vault maps used:
D:1:      minmay_arrival_four_houses
D:2:      eat_drink_and_be_merry_uskayaw, nicolae_overflow_hidden_temple,
          chequers_temple_overflow_statue_of_worship, serial_glass,
          glass_columns_c, glass_columns_c, glass_columns_a, uniq_terence,
          uniq_natasha
D:3:      chequers_ecumenical_altar_island
D:4:      kennysheep_spiral_hall, lemuel_crystal_altar,
          minmay_temple_entry_junction, minivault_25, st_stairs_11
D:5:      first_ration
D:6:      old_forge, kennysheep_small_spiral, grunt_ministairs_13,
          kennysheep_slug_shrine, uniq_grinder
D:7:      grunt_temple_overflow_opulence, gammafunk_ghost_stat_death
D:8:      serial_shops, nicolae_shop_trees, the_bakery, nicolae_wwwww,
          hex_medium
D:9:      lemuel_crystal_altar, dpeg_lair_monsters, serial_shops,
          nicolae_shop_behind_doors
D:10:     serial_shops, kennysheep_mini_moat

Skill      XL: |  1  2  3  4  5  6  7  8  9 10 |
---------------+-------------------------------+-----
Spellcasting   | 3 4 5 6 8 9 |  9.9
Earth Magic    | 3 4 5 6 8 9 10 | 10.0
Dodging        | 2 |  2.8
Shields        | 4 |  4.2
Invocations    | 1 |  1.6
Stealth        | |  1.5
Transmutations | |  0.7

Action                   |  1- 3 |  4- 6 |  7- 9 | 10-12 || total
-------------------------+-------+-------+-------+-------++-------
Melee: Unarmed           |     9 |       |       |       ||     9
       Dagger            |    22 |     3 |       |       ||    25
       Hand axe          |    18 |    29 |       |       ||    47
       Whip              |       |    75 |    41 |       ||   116
       Staff             |       |       |    61 |       ||    61
 Cast: Sandblast         |    34 |    14 |       |       ||    48
       Passwall          |     2 |       |       |     2 ||     4
       Stone Arrow       |     3 |    45 |   145 |    14 ||   207
       Lee's Rapid Decon |       |       |    39 |     2 ||    41
Invok: Divine Energy     |       |     1 |       |       ||     1
Evoke: Wand              |       |       |       |     2 ||     2
  Use: Scroll            |     4 |     3 |     6 |       ||    13
 Stab: Sleeping          |     1 |     1 |       |       ||     2
Armor: Robe              |    23 |    14 |    80 |     1 ||   118
       Leather armour    |       |    41 |     2 |       ||    43
Dodge: Dodged            |    42 |    90 |   125 |     5 ||   262

Table legend:
 A = Spawn XP
 B = Non-spawn XP
 C = Spawn XP percentage of total XP
 D = Spawn monster count
 E = Non-spawn monster count
 F = Spawn count percentage of total count
 G = Total turns spent on level
                    A         B        C        D         E        F      G
               +---------+---------+-------+---------+---------+-------+---------
         Total |       0 |    7394 |   0.0 |       0 |     207 |   0.0 |  8021
               +---------+---------+-------+---------+---------+-------+---------
           D:1 |       0 |      70 |   0.0 |       0 |      20 |   0.0 |  1129
           D:2 |       0 |     287 |   0.0 |       0 |      42 |   0.0 |  1000
           D:3 |       0 |     143 |   0.0 |       0 |       9 |   0.0 |   670
           D:4 |       0 |     295 |   0.0 |       0 |      24 |   0.0 |   950
           D:5 |       0 |     373 |   0.0 |       0 |      19 |   0.0 |   493
           D:6 |       0 |     999 |   0.0 |       0 |      25 |   0.0 |  1301
           D:7 |       0 |    1411 |   0.0 |       0 |      39 |   0.0 |  1017
           D:8 |       0 |     972 |   0.0 |       0 |      11 |   0.0 |   654
           D:9 |       0 |    2844 |   0.0 |       0 |      18 |   0.0 |   804
               +---------+---------+-------+---------+---------+-------+---------
